 Dungeon Crawl Stone Soup version 0.31-a0-740-g87205ac768 (webtiles) character file.

Game seed: 1201170707819072124

198 LeprechaunX the Changeling (level 5, -3/35 HPs)
             Began as an Octopode Shapeshifter on Sept 12, 2023.
             Slain by an orc
             ... wielding a +0 trident
              (5 damage)
             ... on level 4 of the Dungeon.
             The game lasted 00:02:48 (2643 turns).

LeprechaunX the Changeling (Octopode Shapeshifter)  Turns: 2643, Time: 00:02:50

Health: -3/35      AC:  1    Str: 16    XL:     5   Next: 76%
Magic:  5/5        EV: 13    Int: 12    God:
Gold:   252        SH:  0    Dex: 11    Spells: 4/4 levels left

rFire   . .          .
                       - Unarmed
rCold   . . .        (no shield)
rNeg    . . .        (helmet currently unavailable)
rPois   .            (no amulet)
rElec   .            (no ring)
rCorr   .            (no ring)
SInv    .            (no ring)
Will    .....        (no ring)
Stlth   ++           (no ring)
HPRegen 0.25/turn    (no ring)
MPRegen 0.09/turn    (no ring)
                     (no ring)

%: no passive effects
@: beast-form
A: beast (slay +2), almost no armour, amphibious, 8 rings, camouflage 1,
gelatinous body 1, (nimble swimmer 1), tentacles
a: Begin Untransformation


You were on level 4 of the Dungeon.
You were a hulking beast.
You visited 1 branch of the dungeon, and saw 4 of its levels.

You collected 252 gold pieces.

Inventory:

Missiles
 g - 4 javelins
 i - 3 darts of dispersal
Talismans
 b - a beast talisman (active)
 c - a flux talisman
Wands
 u - a wand of flame (12)
Scrolls
 j - a scroll of vulnerability {unknown}
 l - a scroll of enchant weapon {unknown}
 m - 2 scrolls of poison {unknown}
 o - a scroll of revelation {unknown}
 p - a scroll of immolation {unknown}
 q - 8 scrolls of identify {unknown}
 r - a scroll of fog {unknown}
 s - a scroll of fear {unknown}
Potions
 a - 2 potions of lignification
 d - a potion of brilliance {unknown}
 e - a potion of enlightenment {unknown}
 f - 2 potions of degeneration {unknown}
 h - a potion of haste {unknown}
 k - a potion of heal wounds {unknown}
 n - a potion of mutation {unknown}
 t - a potion of invisibility {unknown}


   Skills:
 + Level 2.5 Fighting
 + Level 3.0 Dodging
 + Level 3.8 Unarmed Combat
 * Level 4.3 Shapeshifting


You had 4 spell levels left.
You didn't know any spells.
Your spell library contained the following spells:

 Spells                   Type           Power      Damage    Failure   Level
 Summon Ice Beast         Ice/Summ       0%         N/A       97%         4
 Summon Mana Viper        Hex/Summ       0%         N/A       100%        5
 Monstrous Menagerie      Summ           0%         N/A       100%        7


Dungeon Overview and Level Annotations

Branches:
Dungeon (4/15)
 Temple: D:4-7

Altars:
Fedhas
Gozag
Wu Jian

Shops:
D:4 =


Innate Abilities, Weirdness & Mutations

You are a hulking beast.
Your limbs bulge with bestial killing power. (Slay +2)
You cannot wear most types of armour.
You are amphibious.
You can wear up to eight rings at the same time.
Your skin changes colour to match your surroundings (Stealth+).
Your rubbery body absorbs attacks. (AC +1, EV +1)
((You are camouflaged when in or above water. (Stealth+)))
You have tentacles for arms and can constrict up to eight enemies at once.


Message History

No target in view!
No target in view!
You now have 252 gold pieces (gained 12).
An orc comes into view. It is wielding a +0 trident.
An orc is nearby!
An orc is nearby!
An orc is nearby! 2 orcs come into view.
An orc and an orc priest come into view.
The orc priest is wielding a +1 flail of protection.
The orc shouts! x2; The orc priest shouts!
The orc priest invokes the aid of Beogh against you.
Pain shoots through your body!
The orc shouts!
You tentacle-slap the orc. Your grab misses the orc.
The orc is almost dead.
You barely miss the orc. Your grab misses the orc.
The orc is almost dead.
The orc closely misses you.
The orc priest calls down the wrath of Beogh upon you.
Beogh smites you! The orc barely misses you. x2
You tentacle-slap the orc.
You kill the orc!
The orc hits you from afar with a +0 trident. x2
You closely miss the orc priest. You grab the orc priest.
You constrict the orc priest.
The orc hits you from afar with a +0 trident.
The orc priest hits you with a +1 flail of protection!
* * * LOW HITPOINT WARNING * * *
The orc hits you from afar with a +0 trident.
* * * LOW HITPOINT WARNING * * *
Unknown command.
You tentacle-slap the orc priest.
The orc priest is moderately wounded.
You constrict the orc priest, but do no damage.
The orc hits you from afar with a +0 trident.
* * * LOW HITPOINT WARNING * * *
The orc priest struggles to escape constriction.
The orc hits you from afar with a +0 trident.
You die...

. . #############
#######..#......h.#
#..........#....#oo...#
#...(..^...+....#oo...#
#.......)..#....#.....+
'.....#....#....#.....#
########...#....#.....#
....##_##..#....###+###
...##...##.#.....
..####'#####


You could see an orc priest and 3 orcs.

Vanquished Creatures
  Blork the orc (D:4)
  An iguana (D:4)
  Robin (D:3)
  2 adders
  7 orcs
  5 endoplasms
  3 giant cockroaches
  17 goblins
  7 hobgoblins
  6 jackals (D:3)
  2 kobolds
  A quokka (D:1)
  3 ball pythons
  5 bats
  A frilled lizard (D:2)
  4 rats (D:1)
66 creatures vanquished.

Notes
Turn   | Place    | Note
-------+----------+-------------------------------------------
     0 | D:1      | LeprechaunX the Octopode Shapeshifter began the quest for
                  | the Orb.
     0 | D:1      | Reached XP level 1. HP: 13/13 MP: 1/1
    97 | D:1      | Reached XP level 2. HP: 12/18 MP: 2/2
   918 | D:2      | Reached XP level 3. HP: 23/23 MP: 3/3
  1326 | D:3      | Noticed Robin
  1348 | D:3      | Killed Robin
  1350 | D:3      | Reached XP level 4. HP: 7/29 MP: 4/4
  1836 | D:3      | Found a faded altar of an unknown god.
  2392 | D:4      | Reached skill level 4 in Shapeshifting
  2392 | D:4      | Reached XP level 5. HP: 34/34 MP: 5/5
  2454 | D:4      | Found Uthuxur's Jewellery Emporium.
  2472 | D:4      | Noticed Blork the orc
  2481 | D:4      | Killed Blork the orc
  2596 | D:4      | Found an ornate altar of the Wu Jian Council.
  2599 | D:4      | Found a blossoming altar of Fedhas.
  2603 | D:4      | Found an opulent altar of Gozag.
  2643 | D:4      | Slain by an orc

Illustrated notes

Levels and vault maps discovered:
D:1:      mushboom_english_gardens, layout_basic, minivault_19, chequers_jeans
D:2:      layout_rooms
D:3:      layout_basic, hellmonk_ecumenical_altar_dog_temple, st_stairs_14,
          grunt_decor_one_mirror, uniq_robin
D:4:      layout_gridville, grunt_temple_overflow_diamond,
          minmay_temple_entry_mini_moons, serial_shops,
          nicolae_shop_window_shopping, grunt_ministairs_13, uniq_sigmund,
          uniq_blork_the_orc

Skill      XL: |  1  2  3  4  5 |
---------------+----------------+-----
Fighting       | 2 |  2.5
Shapeshifting  | 4 |  4.3
Dodging        | 3 |  3.0
Unarmed Combat | |  3.8

Action                     |  1- 3 |  4- 6 || total
---------------------------+-------+-------++-------
  Melee: Unarmed           |    58 |    73 ||   131
         Constrict         |    15 |    19 ||    34
         Tentacles         |    10 |    17 ||    27
         Punch             |     2 |     2 ||     4
   Stab: Distracted        |     1 |       ||     1
         Sleeping          |     3 |     2 ||     5
 Armour: Skin              |    24 |    39 ||    63
  Dodge: Dodged            |    28 |    41 ||    69

Table legend: (Time is in decaauts)
 A = Elapsed time spent in this place.
 B = Non-inter-level travel time spent in this place.
 C = Inter-level travel time spent in this place.
 D = Time resting spent in this place.
 E = Time spent auto-exploring this place.
 F = Levels seen in this place.
 G = Mean time per level.
                   A        B        C        D        E       F      G
               +--------+--------+--------+--------+--------+-----+--------+
         Total |   2634 |   2524 |    110 |     97 |   2064 |   4 |  658.5 |
       Dungeon |   2634 |   2524 |    110 |     97 |   2064 |   4 |  658.5 |
               +--------+--------+--------+--------+--------+-----+--------+

Top non-repeatable levels by time:
     D:3: 1089 daAuts
     D:1: 786 daAuts
     D:2: 495 daAuts
     D:4: 262 daAuts
